 Dungeon Crawl Stone Soup version 0.27.0-1-g7a089689b8 (webtiles) character file.

Game seed: 2663491586974337104

37 Sobieck the Grasshopper (level 3, -5/16 HPs)
             Began as a Felid Warper on Aug 10, 2021.
             Slain by a worm (11 damage)
             ... on level 2 of the Dungeon.
             The game lasted 00:02:46 (1743 turns).

Sobieck the Grasshopper (Felid Warper)              Turns: 1743, Time: 00:02:47

Health: -5/16      AC:  1    Str:  8    XL:     3   Next: 21%
Magic:  7/7        EV: 17    Int: 14    God:
Gold:   46         SH:  0    Dex: 15    Spells: 6/6 levels left
                                        Lives:  0   Deaths: 0

rFire    . . .     SeeInvis +     - Unarmed
rCold    . . .     Faith    .   (shield unavailable)
rNeg     . . .     Spirit   .   (armour unavailable)
rPois    .         Reflect  .   (helmet unavailable)
rElec    .         Harm     .   (cloak unavailable)
rCorr    .         Rampage  .   (gloves unavailable)
Will     .....                  (boots unavailable)
Stlth    +.........             (no amulet)
HPRegen  0.05/turn              (no ring)
MPRegen  0.10/turn              (no ring)

@: quick
A: very small, claws 1, fangs 3, see invisible, speed 1, shaggy fur 1, stealthy
paws, no weapons or thrown items, no armour, multi-lived
a: no special abilities


You were on level 2 of the Dungeon.
You visited 1 branch of the dungeon, and saw 2 of its levels.

You collected 46 gold pieces.


Innate Abilities, Weirdness & Mutations

You have sharp claws.
You have razor-sharp teeth.
You have supernaturally acute eyesight. (SInv)
You cover ground quickly. (Speed+)
You are covered in fur. (AC +1)
Your paws help you pounce on unaware monsters.
You are incapable of wielding weapons or throwing items.
You cannot wear armour.
You gain extra lives every three experience levels.


   Skills:
 + Level 2.3 Fighting
 - Level 3.2 Dodging
 * Level 2.8 Unarmed Combat
 + Level 2.3 Spellcasting
 + Level 4.8 Translocations


You had 6 spell levels left.
You didn't know any spells.
Your spell library contained the following spells:

 Spells                   Type           Power      Damage    Failure   Level
 Blink                    Tloc           N/A        N/A       4%          2
 Gell's Gravitas          Tloc           7%         N/A       10%         3
 Lesser Beckoning         Tloc           7%         N/A       10%         3
 Teleport Other           Tloc           15%        N/A       10%         3
 Manifold Assault         Tloc           15%        N/A       65%         5

Inventory:

Scrolls
 a - a scroll of blinking {!r}
 d - a scroll of identify {unknown}
 e - a scroll of teleportation {unknown}
Potions
 b - 3 potions of curing {unknown}
 c - a potion of might {unknown}
 f - a potion of brilliance {unknown}

Dungeon Overview and Level Annotations

Branches:
Dungeon (2/15)

Altars:

..........###..
..#.............
##...............
................
#............. .
##...........# #
..#.......w....##.# #..
#....@........
#..#...........#
#.............#
.##..........##.#
................# ###.
###.............# #...
.$.#...........## #.#.##
...............## #.#..#
........>.......###.##.###


You could see a worm.


Message History

You kill the goblin!
No target in view!
Things that are here:
a +0 club {mace}; a goblin corpse Unknown command.
A quokka comes into view.
Danger!
The quokka bites you.
You closely miss the quokka. The quokka bites you.
You scratch the quokka.
You kill the quokka!
No target in view!
You see here a quokka corpse.
You see here a quokka corpse.
An adder comes into view.
The adder hisses angrily.
Danger!
A worm comes into view.
Danger!
Danger!
A ball python comes into view.
The ball python hisses angrily.
The ball python falls through a shaft!
The shaft crumbles and collapses.
You scratch the adder. The adder bites you.
You are poisoned.
The adder poisons you!
You barely miss the adder.
You feel sick. The adder bites you. The adder closely misses you.
You barely miss the adder.
You feel sick. The adder barely misses you.
Unknown command.
You miss the adder. Your bite misses the adder.
You feel sick. The adder barely misses you.
Unknown command.
You closely miss the adder. Your bite misses the adder.
You feel sick. The adder completely misses you.
Unknown command.
You closely miss the adder.
You feel sick.
You are no longer poisoned.
The adder closely misses you. x2
Unknown command.
You barely miss the adder. Your bite misses the adder. The adder bites you.
* * * LOW HITPOINT WARNING * * *
Unknown command.
You scratch the adder. The adder barely misses you.
Unknown command.
You barely miss the adder. You bite the adder. The adder misses you.
You closely miss the adder. The adder misses you. The adder barely misses you.
You scratch the adder. The adder misses you.
Unknown command.
You scratch the adder but do no damage. The adder completely misses you.
You completely miss the adder. The adder closely misses you.
You barely miss the adder. The adder closely misses you.
You scratch the adder.
You kill the adder!
You have reached level 3!
Your experience leads to an increase in your attributes!
Increase (S)trength, (I)ntelligence, or (D)exterity?
You feel stronger.
Unknown command.
You start resting.
A worm is nearby!
Danger!
A hobgoblin comes into view.
Danger!
A worm comes into view.
The worm moves out of view.
There is a stone staircase leading up here.
Unknown command.
You climb upwards.
There is a stone staircase leading down here.
Unknown command.
You start resting.
You climb downwards.
The hobgoblin barely misses you. The hobgoblin hits you.
There is a stone staircase leading up here.
Danger!
You barely miss the hobgoblin. The hobgoblin completely misses you.
You closely miss the hobgoblin. The hobgoblin misses you.
You scratch the hobgoblin.
You kill the hobgoblin!
The worm barely misses you.
You claw the worm! You scratch the worm. You bite the worm. The worm bites you!
Ouch! That really hurt!
* * * LOW HITPOINT WARNING * * *
There is a stone staircase leading up here.
You climb upwards.
There is a stone staircase leading down here.
Unknown command.
You start resting.
Unknown command.
You climb downwards.
The worm misses you.
There is a stone staircase leading up here.
Danger!
You barely miss the worm. The worm misses you.
You scratch the worm. You scratch the worm. The worm bites you!
Ouch! That really hurt!
* * * LOW HITPOINT WARNING * * *
The worm bites you!
Ouch! That really hurt!
You die...

Action                   || total
-------------------------++-------
Melee: Unarmed           ||    87
       Bite              ||     4
 Stab: Sleeping          ||     1
Armor: Skin              ||     4
Dodge: Dodged            ||    69

Levels and vault maps discovered:
D:1:      lightli_arrival_windingriver, layout_rooms,
          ebering_ecumenical_altar_abandoned
D:2:      layout_rooms

Notes
Turn   | Place    | Note
-------+----------+-------------------------------------------
     0 | D:1      | Sobieck the Felid Warper began the quest for the Orb.
     0 | D:1      | Reached XP level 1. HP: 9/9 MP: 4/4
    72 | D:1      | Found a faded altar of an unknown god.
   264 | D:1      | Reached XP level 2. HP: 9/13 MP: 6/6
  1278 | D:2      | HP: 2/13 [adder (3)]
  1287 | D:2      | Reached XP level 3. HP: 3/16 MP: 7/7
  1743 | D:2      | Slain by a worm

Vanquished Creatures
  An adder (D:2)
  A dart slug (D:1)
  3 endoplasms (D:1)
  A giant cockroach (D:1)
  3 goblins
  2 hobgoblins
  2 jackals (D:1)
  3 kobolds (D:1)
  2 quokkas
  2 bats
  3 rats (D:1)
23 creatures vanquished.

Table legend:
 A = Non-vault XP
 B = Vault XP
 C = Vault XP percentage of total XP
 D = Non-vault monster count
 E = Vault monster count
 F = Vault count percentage of total count
                 A         B        C        D         E       F
            +---------+---------+-------+---------+---------+-------
      Total |      53 |       0 |   0.0 |      23 |       0 |   0.0
            +---------+---------+-------+---------+---------+-------
        D:1 |      33 |       0 |   0.0 |      18 |       0 |   0.0
        D:2 |      20 |       0 |   0.0 |       5 |       0 |   0.0
            +---------+---------+-------+---------+---------+-------

Illustrated notes

Table legend:
 A = Kills in this place as a percentage of kills in entire the game.
 B = Kills by you in this place as a percentage of kills by you in the entire game.
 C = Kills by friends in this place as a percentage of kills by friends in the entire game.
 D = Other kills in this place as a percentage of other kills in the entire game.
 E = Experience gained in this place as a percentage of experience gained in the entire game.
 F = Experience gained in this place divided by the number of levels of this place that you have seen.
                   A       B       C       D       E      F
               +-------+-------+-------+-------+-------+----------------------
         Total | 100.0 | 100.0 |   N/A |   N/A | 100.0 |  26.5
       Dungeon | 100.0 | 100.0 |   N/A |   N/A | 100.0 |  26.5
               +-------+-------+-------+-------+-------+----------------------

Table legend: (Time is in decaauts)
 A = Elapsed time spent in this place.
 B = Non-inter-level travel time spent in this place.
 C = Inter-level travel time spent in this place.
 D = Time resting spent in this place.
 E = Time spent auto-exploring this place.
 F = Levels seen in this place.
 G = Mean time per level.
                   A        B        C        D        E       F      G
               +--------+--------+--------+--------+--------+-----+--------+
         Total |   1609 |   1593 |     16 |    809 |    551 |   2 |  804.5 |
       Dungeon |   1609 |   1593 |     16 |    809 |    551 |   2 |  804.5 |
               +--------+--------+--------+--------+--------+-----+--------+

Top non-repeatable levels by time:
     D:1: 1346 daAuts
     D:2: 262 daAuts
